 Dungeon Crawl Stone Soup version 0.25.1-2-g60ff931df9 (webtiles) character file.

Game seed: 14263369892601180106

39092 Johnny the Impaler (level 13, -2/100 (102) HPs)
             Began as a Demigod Gladiator on Aug 14, 2020.
             Slain by a ten-headed hydra (12 damage)
             ... on level 11 of the Dungeon.
             The game lasted 00:16:31 (11259 turns).

Johnny the Impaler (Demigod Gladiator)             Turns: 11259, Time: 00:16:32

HP:   -2/100 (102)  AC: 13    Str: 30    XL:     13   Next: 33%
MP:   16/16         EV: 17    Int: 12    God:
Gold: 791           SH:  0    Dex: 21    Spells: 12/12 levels left

rFire    + . .     SeeInvis +   n - +3 halberd (venom)
rCold    . . .     Gourm    .   (shield currently unavailable)
rNeg     + . .     Faith    .   o - +0 swamp dragon scales
rPois    +         Spirit   .   (helmet restricted)
rElec    .         Reflect  .   m - +0 cloak {MR+}
rCorr    +         Harm     .   z - +1 pair of gloves
MR       ++...                  I - +0 pair of boots
Stlth    ++........             l - amulet "Huneduty" {rF+ Regen+ Str+5 Dex+2 Slay-3}
HPRegen  0.66/turn              g - ring of positive energy
MPRegen  0.15/turn              x - ring of resist corrosion

@: studying Slings
A: horns 1, thin skeletal structure 1, see invisible, high mp 1
a: no special abilities


You were on level 11 of the Dungeon.
You were not hungry.

You visited 1 branch of the dungeon, and saw 11 of its levels.
You also visited: Bailey.

You collected 791 gold pieces.

Inventory:

Hand Weapons
 n - a +3 halberd of venom (weapon)
Missiles
 d - 3 throwing nets (quivered)
Armour
 c - a +0 helmet
 m - a +0 cloak of magic resistance (worn)
 o - +0 swamp dragon scales (worn)
 z - a +1 pair of gloves (worn)
 I - a +0 pair of boots (worn)
 P - a +0 crystal plate armour
 Q - a +2 cloak
Jewellery
 g - a ring of positive energy (left hand)
 k - a cursed amulet of inaccuracy {unknown}
 l - the amulet "Huneduty" (around neck) {rF+ Regen+ Str+5 Dex+2 Slay-3}
   (You found it on level 7 of the Dungeon)

   [amulet of regeneration]

   It affects your strength (+5).
   It affects your dexterity (+2).
   It affects your accuracy and damage with ranged weapons and melee attacks
   (-3).
   It protects you from fire.
   It increases your rate of regeneration.
 x - a ring of resist corrosion (right hand)
Wands
 h - a wand of clouds (8)
 E - a wand of digging (9)
 M - a wand of random effects (22)
Scrolls
 a - a scroll of identify
 b - 3 scrolls of enchant armour
 e - 3 scrolls of amnesia
 j - 6 scrolls of teleportation
 p - 2 scrolls of blinking
 r - 3 scrolls of remove curse
 u - a scroll of noise
 v - a scroll of magic mapping
 y - 2 scrolls of fog
 A - 2 scrolls of immolation
 C - a scroll of fear {unknown}
Potions
 i - 2 potions of lignification
 s - a potion of magic
 t - 3 potions of mutation
 w - a potion of haste
 B - 3 potions of brilliance
 F - a potion of degeneration
 J - 4 potions of curing
 K - a potion of stabbing
 L - 2 potions of heal wounds
 N - a potion of resistance
 O - a potion of might
Books
 H - a manual of Slings
Comestibles
 f - 28 rations
 q - 5 chunks of flesh


   Skills:
 + Level 6.3 Fighting
 + Level 17.0 Polearms
 - Level 1.7 Throwing
 + Level 5.9 Armour
 + Level 6.7 Dodging


You had 12 spell levels left.
You didn't know any spells.
Your spell library contained the following spells:

 Spells                   Type           Power        Failure   Level  Hunger
 Beastly Appendage        Tmut           #.....       41%         1    ##.....
 Sticks to Snakes         Tmut           #.......     56%         2    ###....
 Recall                   Summ/Tloc      N/A          80%         3    ####...
 Spider Form              Tmut/Pois      #.........   80%         3    ####...
 Ice Form                 Ice/Tmut       #.......     99%         4    #####..
 Aura of Abjuration       Summ           #.........   100%        5    ######.
 Blade Hands              Tmut           #.........   100%        5    ######.
 Summon Demon             Summ           #.........   100%        5    ######.
 Summon Forest            Summ/Tloc      #.........   100%        5    ######.
 Summon Mana Viper        Hex/Summ       #.......     100%        5    ######.
 Shadow Creatures         Summ           N/A          100%        6    #######


Dungeon Overview and Level Annotations

Branches:
Dungeon (11/15)            Temple (0/1) D:7            Lair (0/6) D:8
    Orc (0/2) D:10         Bailey (visited)

Annotations:
D:8 2 runed translucent doors


Innate Abilities, Weirdness & Mutations

You have an increased reservoir of magic. (+10% MP)
You have a pair of small horns on your head.
You have a somewhat thin skeletal structure. (Dex +2, Stealth)
You have supernaturally acute eyesight. (SInv)


Message History

Unknown command.
Attack whom?
Press: ? - help, Dir - move target cursor, f/p - nine-headed hydra
Aim: a nine-headed hydra (flame, almost dead)
You lop one of the nine-headed hydra's heads off!
The eight-headed hydra grows two more!
You slash the ten-headed hydra! You headbutt the ten-headed hydra.
The ten-headed hydra is almost dead.
The ten-headed hydra is engulfed in blazing flames.
The ten-headed hydra closely misses you.
The ten-headed hydra bites you but does no damage.
The ten-headed hydra bites you.
* * * LOW HITPOINT WARNING * * *
The ten-headed hydra completely misses you.
The ten-headed hydra misses you.
The ten-headed hydra bites you but does no damage.
The ten-headed hydra bites you.
* * * LOW HITPOINT WARNING * * *
The ten-headed hydra bites you!
You die...

'(#..........###.##
'.................#
#†#####.###...##..# ††').##†#
#...##..# #.'#.##.###...##§☼#
..'.(#.)....####§§######
..####......# #§§...... #.#
#.#.##..# #D# #####.#.##..##
#@# ......#......# #.# #####
#..#...###.# #.# #..........#
#.# ##.....##### #.# .# #.....#
#.# .# #########...#######
##.### .# ..<.....)..<......#
#....# .#
.########).######.#####.#.###.#


You could see a ten-headed hydra.

Vanquished Creatures
  The ghost of luab the Martial Artist, a journeyman GnTm of Sif Muna (D:10)
  3 two-headed ogres (D:9)
  An unseen horror (D:11)
  Maurice (D:9)
  Joseph (D:7)
  Maggie (D:6)
  A komodo dragon (D:8)
  A tengu conjurer (D:8)
  Prince Ribbit (D:5)
  2 hippogriffs
  Grinder (D:3)
  A spriggan (D:8)
  Sigmund (D:2)
  Eustachio (D:5)
  A basilisk (D:11)
  3 wargs (D:10)
  3 ice beasts
  A phantom (D:8)
  2 sky beasts
  13 orc warriors
  10 ogres
  3 necrophages
  6 centaurs
  9 bullfrogs
  A wyvern zombie (D:7)
  A water moccasin zombie (D:9)
  A water moccasin skeleton (D:9)
  4 scorpions
  16 killer bees
  9 wights
  5 howler monkeys
  10 crimson imps
  A quasit (D:9)
  2 centaur skeletons
  A centaur zombie (D:11)
  A gnoll shaman (D:6)
  6 orc wizards
  3 orc priests
  A bullfrog skeleton (D:6)
  3 hounds
  A jelly (D:5)
  Crazy Yiuf (D:6)
  8 worker ants
  6 iguanas
  2 hound skeletons
  A howler monkey zombie (D:6)
  A worker ant zombie (D:8)
  20 gnolls
  A howler monkey skeleton (D:8)
  9 adders
  2 shadow imps
  An adder skeleton (D:9)
  An adder zombie (D:6)
  6 worms
  3 dart slugs
  3 leopard geckos
  50 orcs
  10 bats
  4 giant cockroaches
  22 goblins
  22 hobgoblins
  21 jackals
  5 quokkas
  4 ball pythons
  5 frilled lizards
  A jackal skeleton (D:7)
  8 kobolds
  5 rats
356 creatures vanquished.

Vanquished Creatures (others)
  2 plants (D:8)
2 creatures vanquished.

Grand Total: 358 creatures vanquished

Notes
Turn   | Place    | Note
-------+----------+-------------------------------------------
     0 | D:1      | Johnny the Demigod Gladiator began the quest for the Orb.
     0 | D:1      | Reached XP level 1. HP: 17/17 MP: 3/3
   131 | D:1      | Reached skill level 3 in Polearms
   171 | D:1      | Reached XP level 2. HP: 24/24 MP: 4/4
   713 | D:2      | Noticed Sigmund
   791 | D:2      | Found a glowing silver altar of Zin.
   891 | D:2      | Reached XP level 3. HP: 29/29 MP: 5/5
   932 | D:2      | Reached skill level 4 in Polearms
  1124 | D:2      | Killed Sigmund
  1124 | D:2      | Reached skill level 5 in Polearms
  1124 | D:2      | Reached XP level 4. HP: 27/36 MP: 6/6
  1124 | D:2      | Reached XP level 5. HP: 31/41 MP: 7/7
  1741 | D:3      | Noticed Grinder
  2101 | D:2      | Reached skill level 6 in Polearms
  2450 | D:3      | Reached XP level 6. HP: 34/48 MP: 8/8
  2737 | D:3      | Killed Grinder
  2737 | D:3      | Reached skill level 7 in Polearms
  3360 | D:4      | Reached XP level 7. HP: 13/53 MP: 9/9
  3473 | D:4      | Reached skill level 8 in Polearms
  3704 | D:4      | Found a sparkling altar of Nemelex Xobeh.
  4171 | D:5      | Entered Level 5 of the Dungeon
  4206 | D:5      | Noticed Prince Ribbit
  4215 | D:5      | Killed Prince Ribbit
  4215 | D:5      | Reached skill level 9 in Polearms
  4343 | D:5      | Reached XP level 8. HP: 58/60 MP: 10/10
  4802 | D:5      | Reached skill level 10 in Polearms
  4832 | D:5      | Noticed Eustachio
  4857 | D:5      | Killed Eustachio
  6143 | D:6      | Reached skill level 11 in Polearms
  6157 | D:6      | Found an ornate altar of the Wu Jian Council.
  6338 | D:6      | Noticed Maggie
  6368 | D:6      | HP: 1/60 [Maggie/bolt of fire (23)]
  6370 | D:6      | Gained mutation: You have a somewhat thin skeletal
                  | structure. (Dex +2, Stealth) [potion of mutation]
  6370 | D:6      | Gained mutation: You have a pair of small horns on your
                  | head. [potion of mutation]
  6370 | D:6      | Gained mutation: You have supernaturally acute eyesight.
                  | (SInv) [potion of mutation]
  6373 | D:6      | Reached skill level 14 in Polearms
  6373 | D:6      | Reached XP level 9. HP: 3/67 MP: 11/11
  6373 | D:6      | HP: 2/100 [bullfrog (1)]
  6379 | D:6      | Killed Maggie
  6384 | D:6      | Reached XP level 10. HP: 23/73 MP: 13/13
  6715 | D:6      | Found a runed translucent door.
  6716 | D:6      | Noticed Crazy Yiuf
  6723 | D:6      | Killed Crazy Yiuf
  6778 | D:6      | Found a bloodstained altar of Trog.
  6886 | D:6      | Found a shadowy altar of Dithmenos.
  7219 | D:7      | Found a staircase to the Ecumenical Temple.
  7223 | D:7      | Got a transparent graven amulet
  7224 | D:7      | Identified the amulet "Huneduty" {rF+ Regen+ Str+5 Dex+2
                  | Slay-3} (You found it on level 7 of the Dungeon)
  7630 | D:7      | Reached skill level 15 in Polearms
  7869 | D:7      | Noticed Joseph
  7883 | D:7      | Killed Joseph
  8079 | D:8      | Found a staircase to the Lair.
  8113 | D:8      | Found a large runed translucent door.
  8113 | D:8      | Found a large runed translucent door.
  8364 | D:8      | HP: 2/71 [tengu conjurer/bolt of lightning (37)]
  8783 | D:9      | Noticed a two-headed ogre
  8792 | D:9      | Killed a two-headed ogre
  8846 | D:9      | Found a flagged portal.
  8857 | Bailey   | Entered a bailey
  8961 | Bailey   | Reached skill level 16 in Polearms
  8961 | Bailey   | Reached XP level 11. HP: 69/77 MP: 14/14
  9174 | Bailey   | Noticed an orc warlord
  9215 | Bailey   | Reached XP level 12. HP: 36/89 MP: 15/15
  9219 | Bailey   | Reached skill level 5 in Fighting
  9219 | Bailey   | Reached skill level 5 in Armour
  9219 | Bailey   | Reached XP level 13. HP: 43/99 MP: 16/16
  9413 | D:9      | Noticed Maurice
  9425 | D:9      | Killed Maurice
  9896 | D:10     | Entered Level 10 of the Dungeon
 10068 | D:10     | Found a staircase to the Orcish Mines.
 10420 | D:10     | Found a large runed translucent door.
 10420 | D:10     | Found a large runed translucent door.
 10421 | D:10     | Noticed luab's ghost (journeyman GnTm)
 10622 | D:10     | Killed luab's ghost
 10954 | D:11     | Reached skill level 17 in Polearms
 11259 | D:11     | Slain by a ten-headed hydra

Illustrated notes

Levels and vault maps discovered:
D:1:      minmay_arrival_cross, layout_loops_cross, due_unseen_surprise
D:2:      cheibrodos_pilgrimage, layout_basic, lemuel_doored_altar,
          first_ration, uniq_sigmund
D:3:      layout_rooms, portal_sewer_entry_e, uniq_grinder
D:4:      layout_cave_pools, nemelex_xobeh_ov_fountains_minmay
D:5:      layout_layer_cave, uniq_prince_ribbit1, uniq_eustachio
D:6:      layout_cave_pools, kennysheep_little_box, lightli_temple_of_fire,
          grunt_dithmenos_smoke_and_mirrors, uniq_crazy_yiuf_cottage,
          uniq_maggie
D:7:      layout_loops_ring, minmay_temple_entry_steel_oval, uniq_joseph
D:8:      layout_basic, david_lair_shrubbed, the_bakery, jmf_multi_god_temple2
D:9:      layout_roguey, enter_bailey_2, uniq_maurice
D:10:     layout_basic, minmay_orc_entry_guard_dogs, ebering_ghost_disaster_area
D:11:     layout_loops_ring, basic_altar, eino_jars

Skill      XL: |  1  2  3  4  5  6  7  8  9 10 11 12 13 |
---------------+----------------------------------------+-----
Polearms       | 3 5 6 7 9 14 16 17 | 17.0
Fighting       | 4 5 6 |  6.3
Armour         | 3 5 |  5.9
Dodging        | 4 6 |  6.7
Throwing       | |  1.7

Action                   |  1- 3 |  4- 6 |  7- 9 | 10-12 | 13-15 || total
-------------------------+-------+-------+-------+-------+-------++-------
Melee: Trident           |    96 |   199 |   339 |    75 |       ||   709
       Headbutt          |       |       |     2 |   100 |    60 ||   162
       Halberd           |       |       |       |   355 |   275 ||   630
Throw: Throwing net      |       |       |     4 |     7 |       ||    11
Evoke: Wand              |       |     3 |     7 |    10 |     1 ||    21
  Use: Potion            |     4 |       |     8 |     2 |       ||    14
       Scroll            |       |     1 |     6 |     4 |     7 ||    18
 Stab: Sleeping          |     1 |       |       |     5 |     3 ||     9
       Paralysed         |       |       |    10 |       |       ||    10
       Held in net/web   |       |       |     3 |     2 |       ||     5
       Confused          |       |       |       |     1 |       ||     1
       Distracted        |       |       |       |       |     1 ||     1
  Eat: Chunk             |       |     8 |    10 |     9 |     7 ||    34
Armor: Leather armour    |     5 |       |       |       |       ||     5
       Chain mail        |    32 |    96 |   161 |     1 |       ||   290
       Skin              |       |       |     3 |       |       ||     3
       Swamp dragon scal |       |       |       |    74 |    44 ||   118
       Crystal plate arm |       |       |       |       |    47 ||    47
Dodge: Dodged            |    38 |    61 |   118 |   110 |   144 ||   471
